 Dungeon Crawl Stone Soup version 0.29.0-5-ge4962eb29e (webtiles) character file.

Game seed: 11966524070827755427

161 blackman the Digger (level 5, -4/33 HPs)
             Began as a Human Wanderer on Aug 30, 2022.
             Was a Follower of Hepliaklqana.
             Killed by an exploding frilled lizard (17 damage)
             ... ignited by their inner flame
             ... on level 3 of the Dungeon.
             The game lasted 00:09:34 (2400 turns).

blackman the Digger (Human Wanderer)                Turns: 2400, Time: 00:09:35

Health: -4/33      AC:  3    Str: 10    XL:     5   Next: 70%
Magic:  8/8        EV: 11    Int: 14    God:    Hepliaklqana [*.....]
Gold:   141        SH:  0    Dex: 15    Spells: 8/9 levels left

rFire   . . .      SeeInvis .   r - +2 short sword "Giafraf" {flame, rPois rC+ Will+}
rCold   + . .      Faith    .   (no shield)
rNeg    . . .      Spirit   .   c - +0 robe
rPois   +          Reflect  .   (no helmet)
rElec   .          Harm     .   (no cloak)
rCorr   .          Rampage  .   d - +0 pair of gloves
Will    +....                   (no boots)
Stlth   ++........              j - amulet of magic regeneration
HPRegen 0.11/turn               (no ring)
MPRegen 0.51/turn               (no ring)

@: no status effects
A: reduced essence
a: Renounce Religion, Recall Ancestor, Ancestor Identity


You were on level 3 of the Dungeon.
You worshipped Hepliaklqana.
Hepliaklqana was aware of your devotion.
You visited 1 branch of the dungeon, and saw 3 of its levels.

You collected 141 gold pieces.

Inventory:

Hand Weapons
 a - a +0 dagger
 r - the +2 short sword "Giafraf" (weapon) {flame, rPois rC+ Will+}
   (You found it on level 2 of the Dungeon)

   It burns those it strikes, dealing additional fire damage.
   rC:        It protects you from cold.
   rPois:     It protects you from poison.
   Will:      It increases your willpower.
Armour
 c - a +0 robe (worn)
 d - a +0 pair of gloves (worn)
Magical Staves
 i - a staff of fire
Jewellery
 j - an amulet of magic regeneration (around neck)
Scrolls
 b - a scroll of fear
 e - a scroll of butterflies {unknown}
 m - a scroll of identify {unknown}
Potions
 f - a potion of brilliance {unknown}
 g - 2 potions of lignification {unknown}
 h - a potion of heal wounds {unknown}
 k - 3 potions of attraction {unknown}
 n - 2 potions of mutation {unknown}
 o - a potion of magic {unknown}
 p - a potion of curing {unknown}
 q - a potion of resistance {unknown}


   Skills:
 - Level 1.0 Fighting
 - Level 1.0 Stealth
 - Level 2.5 Spellcasting
 - Level 1.0 Hexes
 * Level 5.9 Earth Magic
 - Level 2.0 Evocations


You had 8 spell levels left.
You knew the following spells:

 Your Spells              Type           Power      Damage    Failure   Level
a - Sandblast             Erth           36%        2d10      1%          1

Your spell library contained the following spells:

 Spells                   Type           Power      Damage    Failure   Level
 Slow                     Hex            16%        N/A       16%         1
 Leda's Liquefaction      Hex/Erth       5%         N/A       47%         4
 Summon Guardian Golem    Hex/Summ       3%         N/A       50%         3
 Petrify                  Tmut/Erth      10%        N/A       54%         4
 Animate Dead             Necr           1%         N/A       92%         4
 Haunt                    Necr/Summ      0%         N/A       100%        7
 Infestation              Necr           0%         N/A       100%        8


Dungeon Overview and Level Annotations

Branches:
Dungeon (3/15)

Altars:
Hepliaklqana
Wu Jian


Message History

r - Retreat! s - Stop attacking. g - Guard the area. f - Follow me.
Anything else - Cancel.
Gang up on whom?
Press: ? - help, Dir - move target, f - orc wizard
Aim: an orc wizard, wielding a +0 dagger and wearing a +0 robe (inner flame) Attack!
Bill clinton barely misses the orc wizard.
The worm misses bill clinton.
The orc wizard points at you and mumbles some strange words.
The magic dart hits you!
Casting: Sandblast (safe; 2% risk of failure)
Confirm with . or Enter, or press ? or * to list all spells.
Aiming: Sandblast (safe; 2% risk of failure)
Press: ? - help, Shift-Dir - straight line, f/p - orc wizard
Aim: an orc wizard, wielding a +0 dagger and wearing a +0 robe (inner flame, ally target, 77% to hit)
The blast of sand hits the orc wizard!
Flame seeps out of the orc wizard.
The orc wizard is almost dead.
Bill clinton barely misses the orc wizard.
The orc wizard is engulfed in blazing flames.
The orc wizard explodes!
The fiery explosion engulfs the worm!!
Bill clinton avoids your attack.
The fiery explosion engulfs the orc!! x2
The orc explodes!
The fiery explosion engulfs the orc!!
The fiery explosion engulfs the orc!
You kill the orc!
The orc explodes! x2; The worm explodes!
Bill clinton avoids your attack.
Casting: Sandblast (safe; 1% risk of failure)
Confirm with . or Enter, or press ? or * to list all spells.
Aiming: Sandblast (safe; 1% risk of failure)
Press: ? - help, Shift-Dir - straight line, f - frilled lizard
Aim: a frilled lizard (water, inner flame, ally target, 70% to hit)
Okay, then.
Unknown command.
The frilled lizard attacks as you move away!
The frilled lizard closely misses you.
Bill clinton hits the frilled lizard.
The frilled lizard explodes!
Bill clinton avoids your attack. The fiery explosion engulfs you!
Ouch! That really hurt!
You die...

.. ## ... #.
.b# ..## ##
#.. ... .## ##
..##.##.. #
#..##.....##.#
..#...§§§....#
#...≈§§@....#
#.§.§R§§♣♣..#
#..§..§.§♣ .#
#..§§°§§§..
...##§§§§....
#. #§§§§.≈≈..#
# ......≈≈..#
...##.....##
.... .....#


You could see the friendly bill clinton the ancestor (inner flame) and a bat.

Vanquished Creatures
  Natasha (twice) (D:2)
  An orc wizard (D:3)
  An adder (D:2)
  A worm (D:3)
  4 orcs (D:3)
  6 ball pythons
  2 bats
  4 endoplasms
  2 giant cockroaches (D:1)
  4 hobgoblins (D:1)
  3 quokkas
  2 frilled lizards (D:2)
  6 goblins
  A kobold (D:1)
  6 rats
45 creatures vanquished.

Vanquished Creatures (collateral kills)
  Natasha (D:2)
  2 endoplasms (D:2)
  A goblin (D:2)
  A frilled lizard (D:3)
5 creatures vanquished.

Vanquished Creatures (others)
  2 plants (D:2)
2 creatures vanquished.

Grand Total: 52 creatures vanquished

Notes
Turn   | Place    | Note
-------+----------+-------------------------------------------
     0 | D:1      | blackman the Human Wanderer began the quest for the Orb.
     0 | D:1      | blackman set off with the following items: a +0 dagger, a
                  | scroll of fear, a +0 robe, a +0 pair of gloves; and the
                  | following spells available to memorise: Sandblast, Slow,
                  | Summon Guardian Golem, Leda's Liquefaction, Petrify.
     0 | D:1      | Reached XP level 1. HP: 15/15 MP: 2/2
     2 | D:1      | Learned a level 1 spell: Sandblast
   285 | D:1      | Reached XP level 2. HP: 21/21 MP: 3/3
   408 | D:1      | Found a faded altar of an unknown god.
   737 | D:1      | Prayed at the altar of an unknown god.
   737 | D:1      | Became a worshipper of Hepliaklqana the Forgotten
   737 | D:1      | Reached * piety under Hepliaklqana
  1128 | D:1      | Reached XP level 3. HP: 23/23 MP: 4/4
  1577 | D:2      | Noticed Natasha
  1586 | D:2      | Killed Natasha
  1587 | D:2      | Reached skill level 5 in Earth Magic
  1587 | D:2      | Reached XP level 4. HP: 11/28 MP: 3/6
  1820 | D:2      | Noticed Natasha
  1828 | D:2      | Killed Natasha
  1866 | D:2      | Noticed Natasha
  1869 | D:2      | Killed Natasha
  1870 | D:2      | Reached XP level 5. HP: 33/33 MP: 6/8
  2118 | D:2      | Identified the +2 short sword "Giafraf" {flame, rPois rC+
                  | Will+}
  2394 | D:3      | Found an ornate altar of the Wu Jian Council.
  2400 | D:3      | Killed by an exploding frilled lizard... ignited by their
                  | inner flame

Illustrated notes

Levels and vault maps discovered:
D:1:      amcnicky_arrival_wind_blow, layout_loops_ring,
          shapermc_ecumenical_altar_totnotflames
D:2:      cheibrodos_old_hovel, layout_loops_ring, uniq_natasha
D:3:      layout_basic, nicolae_wu_jian_wuxing_cycle, st_stairs_6,
          chequers_serial_rivers_marsh, uniq_grinder, uniq_jessica

Skill      XL: |  1  2  3  4 |
---------------+-------------+-----
Earth Magic    | 5 |  5.9
Spellcasting   | 2 |  2.5
Fighting       | |  1.0
Stealth        | |  1.0
Hexes          | |  1.0
Evocations     | |  2.0

Action                   |  1- 3 |  4- 6 || total
-------------------------+-------+-------++-------
Melee: Dagger            |    39 |     1 ||    40
       Punch             |     1 |       ||     1
 Cast: Sandblast         |    28 |    21 ||    49
Invok: Ancestor Identity |     1 |       ||     1
  Use: Scroll            |       |     1 ||     1
 Stab: Sleeping          |     1 |       ||     1
Armor: Robe              |     8 |     2 ||    10
Dodge: Dodged            |    34 |     5 ||    39
